Map Hack

Match 30253616
End
Construct Infanterie Kompanie
Kettenkrad Recon Vehicle
Selects Italian Coastal Battlegroup
Selects Coastal Reserves
Coastal Reserve
Construct Infanterie Kompanie
MG 42 Machine Gun Team
Coastal Reserve
Coastal Reserve
Selects Artillery Officer
Artillery Officer
Infanterie Officer Quarters
Selects Support Bunkers
MG 42 Bunker
MG 42 Bunker
Construct Luftwaffe Kompanie
Medical Bunker
Selects Designated Artillery Overwatch
Designated Artillery Overwatch
Support Elements
Marder III M Tank Destroyer
Marder III M Tank Destroyer
Pioneer Squad
Marder III M Tank Destroyer
Medical Bunker
Luftwaffe Officer Quarters
Selects Obice da 210/22 Artillery Emplacement
MG 42 Bunker
MG 42 Bunker
Selects Bulwark
Anti-tank Bunker
Marder III M Tank Destroyer
Marder III M Tank Destroyer
Designated Artillery Overwatch
Anti-tank Bunker
MG 42 Bunker
Anti-tank Bunker
MG 42 Bunker
Construct Panzer Kompanie
Designated Artillery Overwatch
Sturmpanzer IV Brummbär
Jäger Squad
Sturmpanzer IV Brummbär
Designated Artillery Overwatch
Artillery Officer
Side Skirts
Designated Artillery Overwatch
Marder III M Tank Destroyer
Marder III M Tank Destroyer
Marder III M Tank Destroyer
Marder III M Tank Destroyer
Designated Artillery Overwatch
Sturmpanzer IV Brummbär
Fate
二营长的意大利面
INSERTQAQ
Jimm-e
百合厨智商巅峰
laose
BiliBilI_23984226_Luckyman55
LOLwhat2
0
0

Comments sign in to comment!

No comments posted yet!